 Dungeon Crawl Stone Soup version 0.25-a0-731-g0472a16d6a (webtiles) character file.

Game seed: 3330441414714534510, levelgen mode: deterministic

11061 Lovchig the Cleaver (level 11, -4/99 HPs)
             Began as a Deep Dwarf Fighter on Apr 8, 2020.
             Was a Believer of Makhleb.
             Slain by a vampire (6 damage)
             ... on level 10 of the Dungeon.
             The game lasted 00:28:29 (7081 turns).

Lovchig the Cleaver (Deep Dwarf Fighter)            Turns: 7081, Time: 00:28:29

Health: -4/99      AC: 16    Str: 22    XL:     11   Next: 44%
Magic:  0/0        EV:  5    Int: 13    God:    Makhleb [**....]
Gold:   554        SH: 16    Dex: 12    Spells: 10/10 levels left

rFire    . . .     SeeInvis .   a - +1 war axe
rCold    . . .     Gourm    .   v - +0 tower shield
rNeg     . . .     Faith    .   l - +0 plate armour
rPois    .         Spirit   .   w - +0 helmet
rElec    .         Reflect  .   d - +1 cloak
rCorr    .         Harm     .   (no gloves)
MR       +....                  (no boots)
Stlth    ..........             (no amulet)
HPRegen  0.00/turn              n - +3 ring of intelligence
MPRegen  0.07/turn              (no ring)

@: non-regenerating, heavily drained
A: damage resistance, heal wounds, sense surroundings 2, no regeneration
a: Heal Wounds, Minor Destruction, Renounce Religion


You were on level 10 of the Dungeon.
You worshipped Makhleb.
Makhleb was pleased with you.
You were hungry.

You visited 2 branches of the dungeon, and saw 11 of its levels.

You collected 554 gold pieces.

Inventory:

Hand Weapons
 a - a +1 war axe (weapon)
 y - a +4 flail of protection
Armour
 d - a +1 cloak (worn)
 l - a +0 plate armour (worn)
 s - a scarf of spirit shield
 v - a +0 tower shield (worn)
 w - a +0 helmet (worn)
Jewellery
 n - a +3 ring of intelligence (left hand)
Wands
 b - a wand of enslavement (20)
 A - a wand of scattershot (5)
 B - a wand of polymorph (7)
 D - a wand of iceblast (17)
 E - a wand of flame (17)
Scrolls
 e - 2 scrolls of amnesia
 k - 6 scrolls of teleportation
 m - 3 scrolls of enchant armour
 o - 9 scrolls of remove curse
 u - a scroll of fog
 x - 3 scrolls of enchant weapon
 z - a scroll of blinking
 C - 3 scrolls of magic mapping
Potions
 g - 3 potions of cancellation
 h - a potion of resistance
 i - a potion of haste
 j - 4 potions of flight
 p - 4 potions of heal wounds {unknown}
 q - a potion of curing
 t - a potion of brilliance {unknown}
Comestibles
 c - 2 chunks of flesh
 f - 16 rations


   Skills:
 * Level 6.7(4.6) Fighting
 * Level 11.9(9.5) Axes
 * Level 8.4(6.2) Armour
 * Level 6.6(4.5) Dodging
 * Level 10.5(8.1) Shields


You had 10 spell levels left.
You didn't know any spells.
Your spell library was empty.

Dungeon Overview and Level Annotations

Branches:
Dungeon (10/15)            Temple (1/1) D:4            Lair (0/6) D:8
    Orc (0/2) D:10

Altars:
Ashenzari
Cheibriados
Dithmenos
Elyvilon
Fedhas
Gozag
Hepliaklqana
Kikubaaqudgha
Makhleb
Nemelex Xobeh
Okawaru
Qazlal
Ru
Sif Muna
Trog
Uskayaw
Vehumet
Wu Jian
Xom
Yredelemnul
Zin
The Shining One

Annotations:
D:10 Fannar


Innate Abilities, Weirdness & Mutations

You are resistant to damage.
You can heal yourself by infusing magical energy.
You passively map the area around you.
You do not regenerate.


Message History

Something completely misses you. Something bites you but does no damage.
Your plate armour prevents you from hitting something.
Something hits you.
* * * LOW HITPOINT WARNING * * *
Something bites you but does no damage.
You miss something.
Fannar shouts!
Something hits you but does no damage. You block something's attack.
You hit something.
Unholy energy fills the air.
* * * LOW HITPOINT WARNING * * *
An adder comes into view.
You closely miss something.
The adder hisses angrily.
Unholy energy fills the air.
* * * LOW HITPOINT WARNING * * *
Something completely misses you. Something bites you but does no damage.
You miss something.
Fannar gestures wildly while chanting.
Something hits you but does no damage. Something bites you!
You die...

# #.# #.# #########e#
#.#
........(.######.#######
#########..............#
# #........####### #
#........# # #........#
# #........# #
#....>..@# # #...S...{#
# ...e....# #* ........#
* . ,, ..Y...... , , *
######.##* * , ,, * #.
#. , ,, *


You could see Fannar, an ice beast and an adder.

Vanquished Creatures
  A two-headed ogre (D:10)
  Nergalle (D:10)
  Maurice (D:9)
  A troll (D:9)
  2 hornets (D:8)
  17 yaks
  A hungry ghost (D:5)
  2 basilisks (D:8)
  Edmund (D:5)
  A soldier ant (D:8)
  3 porcupines (D:8)
  5 orc warriors
  6 ice beasts
  A black bear (D:8)
  2 phantoms
  2 sky beasts
  3 wolves (D:8)
  5 ogres
  2 centaurs
  A crocodile (D:8)
  A big kobold (D:8)
  4 bullfrogs
  A gnoll sergeant (D:10)
  A water moccasin zombie (D:5)
  4 scorpions
  16 killer bees
  4 wights (D:8)
  3 crimson imps
  2 bullfrog zombies
  6 orc priests
  A bullfrog skeleton (D:8)
  3 hounds
  6 orc wizards
  4 iguanas
  Natasha (D:3)
  7 worker ants
  A hound zombie (D:7)
  A hound skeleton (D:5)
  3 gnolls (D:10)
  A howler monkey zombie (D:7)
  17 adders
  3 shadow imps
  An adder zombie (D:8)
  3 adder skeletons
  4 worms
  A dart slug (D:2)
  2 leopard geckos
  27 orcs
  3 ball pythons
  3 giant cockroaches
  5 goblins
  9 hobgoblins
  9 jackals
  6 quokkas
  9 bats
  2 frilled lizards
  2 gnoll zombies (D:3)
  7 kobolds
  4 rats
245 creatures vanquished.

Vanquished Creatures (others)
  An unseen horror (D:10)
  2 fungi (D:8)
3 creatures vanquished.

Grand Total: 248 creatures vanquished

Notes
Turn   | Place    | Note
-------+----------+-------------------------------------------
     0 | D:1      | Lovchig the Deep Dwarf Fighter began the quest for the Orb.
     0 | D:1      | Reached XP level 1. HP: 20/20 MP: 1/1
   185 | D:1      | Reached XP level 2. HP: 27/27 MP: 2/2
   617 | D:2      | Reached XP level 3. HP: 34/34 MP: 3/3
   647 | D:2      | Reached skill level 3 in Axes
   773 | D:2      | Found an opulent altar of Gozag.
   774 | D:2      | Reached skill level 1 in Dodging
   784 | D:2      | Found a shimmering altar of Xom.
   838 | D:2      | Reached XP level 4. HP: 42/42 MP: 4/4
  1574 | D:3      | Reached XP level 5. HP: 40/49 MP: 5/5
  1730 | D:3      | Noticed Natasha
  1736 | D:3      | Killed Natasha
  1736 | D:3      | Reached skill level 4 in Axes
  1828 | D:3      | Found a basalt altar of Yredelemnul.
  2077 | D:4      | Found a staircase to the Ecumenical Temple.
  2083 | Temple   | Entered the Ecumenical Temple
  2358 | D:4      | Reached XP level 6. HP: 31/56 MP: 0/6
  2417 | D:5      | Entered Level 5 of the Dungeon
  2417 | D:5      | Noticed a hungry ghost
  2435 | D:5      | Reached skill level 5 in Axes
  2449 | D:5      | Paralysed by fainting for 5 turns
  2466 | D:5      | Killed a hungry ghost
  2466 | D:5      | Reached XP level 7. HP: 44/62 MP: 0/5
  2477 | D:5      | Reached skill level 6 in Axes
  2542 | D:5      | Reached skill level 5 in Shields
  2630 | D:5      | Reached skill level 5 in Armour
  2635 | D:5      | Noticed Edmund
  2662 | D:5      | Killed Edmund
  2662 | D:5      | Reached XP level 8. HP: 24/72 MP: 0/6
  2664 | D:5      | Reached skill level 7 in Axes
  3133 | D:6      | Reached skill level 8 in Axes
  3416 | D:6      | Found an iron altar of Okawaru.
  3588 | D:6      | Gained mutation: You passively map the area around you.
                  | [Deep Dwarf growth]
  3588 | D:6      | Reached XP level 9. HP: 38/79 MP: 0/5
  3797 | D:7      | Reached skill level 9 in Axes
  3808 | D:7      | Reached skill level 5 in Fighting
  4311 | D:7      | Found a burning altar of Makhleb.
  4312 | D:7      | Found a radiant altar of Vehumet.
  4325 | D:7      | Reached skill level 5 in Dodging
  4330 | D:7      | Became a worshipper of Makhleb the Destroyer
  4412 | D:7      | Reached skill level 10 in Axes
  4775 | D:8      | Reached XP level 10. HP: 20/88 MP: 0/5
  5023 | D:8      | Found a glowing golden altar of the Shining One.
  5023 | D:8      | Found a glowing silver altar of Zin.
  5101 | D:8      | Reached * piety under Makhleb
  5132 | D:8      | Found a staircase to the Lair.
  5519 | D:8      | Paralysed by a hornet for 2 turns
  5784 | D:9      | Noticed Maurice
  5807 | D:9      | Killed Maurice
  5807 | D:9      | Reached skill level 11 in Axes
  5880 | D:9      | Reached ** piety under Makhleb
  5908 | D:9      | Found a snail-covered altar of Cheibriados.
  5984 | D:9      | Reached XP level 11. HP: 19/97 MP: 3/3
  6429 | D:10     | Entered Level 10 of the Dungeon
  6429 | D:10     | Found the +5 robe of Night {Dark MR+ SInv}
  6446 | D:10     | Reached skill level 10 in Shields
  6535 | D:10     | Noticed Nergalle
  6551 | D:10     | Noticed a two-headed ogre
  6591 | D:10     | Killed a two-headed ogre
  6605 | D:10     | Killed Nergalle
  6723 | D:10     | Found a staircase to the Orcish Mines.
  6843 | D:10     | Noticed Fannar
  6846 | D:10     | HP: 4/99 [Fannar/bolt of cold (30)]
  6846 | D:10     | Killed an unseen horror
  7080 | D:10     | HP: 2/99 [something/vampiric draining (7)]
  7081 | D:10     | Slain by a vampire

Levels and vault maps discovered:
D:1:      giann_forest_graveyard, layout_basic
D:2:      layout_rooms, xom_teletrap_fun, nicolae_gozag_seed_capital
D:3:      layout_loops_corners, lemuel_zombie_altar_yredelemnul, uniq_natasha
D:4:      layout_basic, minmay_temple_entry_statues, minivault_11, st_stairs_10
D:5:      layout_rooms, first_ration, uniq_edmund
D:6:      layout_gridville, lemuel_round_altar
D:7:      layout_cave_pods, grunt_temple_overflow_lords_of_destruction
D:8:      layout_gridville, gammafunk_temple_overflow_wave,
          minmay_lair_entry_grove, hangedman_pestilent_swarm
D:9:      layout_gridville, basic_altar, uniq_maurice
D:10:     layout_small_grid, orc_0_dummy, uniq_fannar, uniq_nergalle
Temple:   eino_temple_lava

Skill      XL: |  1  2  3  4  5  6  7  8  9 10 11 |
---------------+----------------------------------+-----
Fighting       | 3 4 5 6 |  6.7
Axes           | 3 4 5 6 8 10 11 | 11.9
Dodging        | 1 2 3 4 5 6 |  6.6
Shields        | 4 5 6 8 9 10 | 10.5
Armour         | 4 5 6 7 8 |  8.4

Action                   |  1- 3 |  4- 6 |  7- 9 | 10-12 || total
-------------------------+-------+-------+-------+-------++-------
Melee: War axe           |    91 |   187 |   479 |   592 ||  1349
 Abil: Heal Wounds       |       |     4 |    22 |    27 ||    53
  Use: Scroll            |     5 |     8 |     4 |     1 ||    18
       Potion            |       |     1 |     1 |     9 ||    11
  Eat: Chunk             |       |     7 |    11 |     8 ||    26
Armor: Scale mail        |    39 |       |       |       ||    39
       Plate armour      |     8 |   114 |   228 |   543 ||   893
Dodge: Dodged            |    27 |    28 |    80 |   141 ||   276
Block: Kite shield       |    62 |   104 |    53 |       ||   219
       Tower shield      |       |       |   356 |   707 ||  1063

Table legend:
 A = Non-vault XP
 B = Vault XP
 C = Vault XP percentage of total XP
 D = Non-vault monster count
 E = Vault monster count
 F = Vault count percentage of total count
                 A         B        C        D         E       F
            +---------+---------+-------+---------+---------+-------
      Total |   12146 |    3656 |  23.1 |     221 |      25 |  10.2
            +---------+---------+-------+---------+---------+-------
        D:1 |      22 |       0 |   0.0 |      12 |       0 |   0.0
        D:2 |      82 |       0 |   0.0 |      23 |       0 |   0.0
        D:3 |     104 |      38 |  26.8 |      22 |       3 |  12.0
        D:4 |     111 |      35 |  24.0 |       4 |       2 |  33.3
        D:5 |     963 |     166 |  14.7 |      21 |       1 |   4.5
        D:6 |    1368 |       0 |   0.0 |      28 |       0 |   0.0
        D:7 |    2162 |      48 |   2.2 |      37 |       1 |   2.6
        D:8 |    1189 |    2073 |  63.5 |      26 |      16 |  38.1
        D:9 |    3214 |     472 |  12.8 |      32 |       1 |   3.0
       D:10 |    2931 |     824 |  21.9 |      16 |       1 |   5.9
            +---------+---------+-------+---------+---------+-------
